 Dungeon Crawl Stone Soup version 0.28.0-53-g5a82cb258f (webtiles) character file.

Game seed: 12276572541102328187

32 sakkuzi the Sneak (level 3, 0/20 HPs)
             Began as a Kobold Enchanter on July 14, 2022.
             Killed from afar by Grinder (5 damage)
             ... with a puff of flame
             ... on level 3 of the Dungeon.
             The game lasted 00:15:10 (3238 turns).

sakkuzi the Sneak (Kobold Enchanter)                Turns: 3238, Time: 00:15:11

Health: 0/20       AC:  6    Str:  5    XL:     3   Next: 45%
Magic:  6/6        EV: 15    Int: 16    God:
Gold:   85         SH:  0    Dex: 15    Spells: 6/6 levels left

rFire   . . .      SeeInvis .   a - +1 dagger
rCold   . . .      Faith    .   (no shield)
rNeg    . . .      Spirit   .   b - +1 robe
rPois   .          Reflect  .   (no helmet)
rElec   .          Harm     .   m - +2 cloak
rCorr   .          Rampage  .   (no gloves)
Will    .....                   (no boots)
Stlth   ++++......              (no amulet)
HPRegen 0.06/turn               (no ring)
MPRegen 0.10/turn               (no ring)

@: no status effects
A: small, no large weapons, nightstalker 3, clumsy 1, mutation resistance 1
a: no special abilities


You were on level 3 of the Dungeon.
You visited 1 branch of the dungeon, and saw 3 of its levels.

You collected 85 gold pieces.

Inventory:

Hand Weapons
 a - a +1 dagger (weapon)
 i - a +0 hunting sling
Armour
 b - a +1 robe (worn)
 m - a +2 cloak (worn)
Magical Staves
 n - a staff of fire
Scrolls
 g - a scroll of silence {unknown}
 k - 2 scrolls of teleportation
 o - 2 scrolls of enchant armour
 p - a scroll of identify
Potions
 d - a potion of degeneration
 f - a potion of resistance {unknown}
 h - a potion of curing {unknown}
 j - a potion of heal wounds {unknown}
 l - a potion of brilliance {unknown}


   Skills:
 + Level 0.5 Fighting
 + Level 2.1 Short Blades
 + Level 2.6 Dodging
 + Level 4.8 Stealth
 + Level 2.4 Spellcasting
 + Level 3.1 Hexes


You had 6 spell levels left.
You didn't know any spells.
Your spell library contained the following spells:

 Spells                   Type           Power      Damage    Failure   Level
 Ensorcelled Hibernation  Hex/Ice        14%        N/A       16%         2
 Confusing Touch          Hex            12%        N/A       16%         3
 Tukima's Dance           Hex            12%        N/A       16%         3
 Sublimation of Blood     Necr           1%         N/A       30%         2
 Dazzling Flash           Conj/Hex       14%        N/A       30%         3
 Petrify                  Tmut/Erth      1%         N/A       89%         4
 Irradiate                Conj/Tmut      0%         3d13      99%         5
 Iskenderun's Battlesphe  Conj           1%         2d6       99%         5
 Iron Shot                Conj/Erth      0%         9d1       100%        6
 Spellforged Servitor     Conj/Summ      0%         N/A       100%        7


Dungeon Overview and Level Annotations

Branches:
Dungeon (3/15)

Altars:

Shops:
D:1 [

Annotations:
D:3 Grinder, Natasha


Innate Abilities, Weirdness & Mutations

You are small and have problems with some larger weapons.
You are completely attuned to the shadows.
You are clumsy. (Dex -2)
You are somewhat resistant to further mutation.


Message History

Found a scroll of identify.
p - a scroll of identify
Found a chain mail.
Natasha, Servant of Life and Death comes into view.
Natasha hisses angrily.
Natasha barely misses you.
You hit Natasha but do no damage. Natasha claws you but does no damage.
Natasha casts a spell.
Natasha drinks a potion.
Natasha flickers and vanishes!
Deactivating autopickup; reactivate with Ctrl-A.
You fade into invisibility!
You hear some strange, mumbled words.
You hit the white imp but do no damage. Something claws you.
You strike the helpless white imp from behind!
You puncture the white imp!
You kill the white imp!
The white imp disappears in a puff of smoke!
Something barely misses you. Something claws you!
The shadow imp disappears in a puff of smoke!
A magic dart appears from out of thin air!
The magic dart hits you.
The shadow imp disappears in a puff of smoke!
You hear some strange, mumbled words.
You hear some strange, mumbled words.
You hear some strange, mumbled words.
The white imp lashes its tail.
There is a stone staircase leading up here.
You flicker for a moment.
You flicker back into view.
You catch the helpless Grinder completely off-guard!
You puncture Grinder!
Grinder is heavily wounded.
Grinder says, "Tell me all your secrets, or I'll kill you."
Grinder zaps a wand.
The puff of flame hits you!
* * * LOW HITPOINT WARNING * * *
It was a potion of mutation.
You feel extremely strange.
You feel clumsy.
You feel genetically stable.
Grinder zaps a wand.
The puff of flame hits you.
You die...

#......# ### #..... #...)..# #>.
##..... #.>....# #.# #......
#......########.# #......
#...............## #......
#......#######...##### #......
#......######..#...... ........
......<........5.....#####.......
..(...........).@#####.....#.....
.........#.......#####.#..#####..
.........#.......##........# ...#
...........................##.###
..............>...#........##.
.........########.#....[......
.........# #.#.#####..##
.........# #..........#
......#### ##.####..#..#


You could see Grinder.

Vanquished Creatures
  4 bats
  4 endoplasms
  3 giant cockroaches
  3 goblins (D:1)
  3 hobgoblins (D:3)
  2 quokkas (D:2)
  3 ball pythons
  A frilled lizard (D:3)
  2 kobolds
  5 rats
30 creatures vanquished.

Vanquished Creatures (others)
  A giant cockroach (D:3)
1 creature vanquished.

Grand Total: 31 creatures vanquished

Notes
Turn   | Place    | Note
-------+----------+-------------------------------------------
     0 | D:1      | sakkuzi the Kobold Enchanter began the quest for the Orb.
     0 | D:1      | Reached XP level 1. HP: 10/10 MP: 3/3
    85 | D:1      | Found Ysirrae's Armour Emporium.
   847 | D:1      | Reached XP level 2. HP: 15/15 MP: 5/5
  1840 | D:2      | Reached XP level 3. HP: 8/19 MP: 6/6
  2633 | D:3      | Noticed Grinder
  3159 | D:3      | Noticed Natasha
  3238 | D:3      | Gained mutation: You are clumsy. (Dex -2) [potion of
                  | mutation]
  3238 | D:3      | Gained mutation: You are somewhat resistant to further
                  | mutation. [potion of mutation]
  3238 | D:3      | Killed from afar by Grinder

Illustrated notes

Levels and vault maps discovered:
D:1:      lemuel_arrival_river_ford, layout_loops_corners, serial_shops, shop,
          dilly_ecumenical_altar_fadedgnrine, minmay_tripent
D:2:      layout_loops_ring, nrook_uturn
D:3:      layout_rooms, uniq_grinder, uniq_terence, uniq_natasha

Skill      XL: |  1  2  3 |
---------------+----------+-----
Short Blades   | 2 |  2.1
Fighting       | |  0.5
Dodging        | |  2.6
Stealth        | |  4.8
Spellcasting   | |  2.4
Hexes          | |  3.1

Action                   || total
-------------------------++-------
Melee: Dagger            ||   159
  Use: Scroll            ||     7
       Potion            ||     3
 Stab: Sleeping          ||    12
       Distracted        ||     1
       Invisible         ||     1
Armor: Robe              ||    26
Dodge: Dodged            ||   101
